AoeStats
← BottleDry

African Clearing

505305964Analyzed
4v4 RM · 24d ago on Sep 8, 2026· 67m 57s· 8 players
Game mode
Random Map
Map size
Large (8 player)
Population
200
Speed
Normal
Resources
Standard
Victory
Conquest
Starting age
Dark Age
Ending age
Imperial Age
RankedLock teamsTeams togetherTeam positionsShared explorationLock speedFull tech treeHidden civsTurbo modeCheats
Victory
Defeat
🇺🇸 Spanish · United States
884
+13
🇮🇩 Huns · Indonesia
864
+14
🇨🇱 Khmer · Chile
836
+15
🇧🇷 Spanish · Brazil
809
+16
🇧🇪 Ethiopians · Belgium
883
-16
🇮🇹 Franks · Italy
825
-15
🇮🇹 Bohemians · Italy
791
-14
🇪🇸 Huns · Spain
778
-13
alexgiaco98
8:19 Loom
18:24 Feudal Age
19:16 Double-Bit Axe
19:24 Gold Mining
19:26 Stone Mining
26:55 Scale Barding Armor
31:42 Castle Age
32:33 Bow Saw
32:59 Gold Shaft Mining
33:24 Husbandry
37:44 Chain Barding Armor
43:03 Imperial Age
43:15 Cavalier
46:30 Paladin
48:44 Conscription
48:26 Chivalry
59:48 Plate Barding Armor
Moglash
6:21 Loom
14:27 Feudal Age
14:53 Double-Bit Axe
29:30 Castle Age
31:57 Bow Saw
34:47 Forging
36:59 Scale Mail Armor
40:02 Iron Casting
42:15 Wheelbarrow
44:16 Chain Mail Armor
48:30 Imperial Age
49:55 Hand Cart
50:14 Conscription
49:52 Halberdier
54:31 Blast Furnace
58:53 Plate Mail Armor
59:36 Fletching
59:46 Padded Archer Armor
59:55 Crossbowman
60:45 Thumb Ring
62:45 Chemistry
62:08 Ballistics
61:53 Arbalester
64:21 Bodkin Arrow
66:55 Chemistry
ramparrondo
9:51 Loom
17:42 Feudal Age
18:25 Horse Collar
18:33 Double-Bit Axe
18:43 Gold Mining
18:45 Stone Mining
23:51 Arson
25:12 Forging
27:06 Wheelbarrow
26:18 Town Watch
27:59 Bloodlines
29:49 Scale Barding Armor
29:46 Scale Mail Armor
31:49 Castle Age
30:40 Fletching
31:53 Pikeman
32:35 Heavy Plow
32:47 Bow Saw
32:36 Bodkin Arrow
33:17 Iron Casting
32:59 Chain Mail Armor
34:19 Chain Barding Armor
34:03 Husbandry
35:29 Squires
36:30 Caravan
41:45 Murder Holes
42:11 Ballistics
47:36 Imperial Age
45:28 Hand Cart
45:14 Town Patrol
49:54 Chemistry
49:21 Conscription
49:55 Halberdier
51:03 Elite Tarkan
53:55 Blast Furnace
61:40 Marauders
DogeDogOfVenice
3:22 Loom
15:35 Feudal Age
16:01 Double-Bit Axe
19:40 Town Watch
26:03 Man-at-Arms
47:42 Horse Collar
54:49 Castle Age
55:32 Heavy Plow
56:11 Wheelbarrow
55:53 Bow Saw
57:42 Padded Archer Armor
61:06 Padded Archer Armor
60:56 Fletching
61:08 Scale Mail Armor
61:13 Scale Barding Armor
63:20 Leather Archer Armor
63:01 Bodkin Arrow
65:41 Town Patrol
65:27 Crossbowman
65:38 Elite Skirmisher
BottleDry
6:01 Loom
13:28 Feudal Age
23:11 Horse Collar
29:17 Fletching
32:07 Castle Age
34:20 Wheelbarrow
34:58 Gold Mining
35:02 Double-Bit Axe
40:14 Scale Mail Armor
40:23 Pikeman
42:20 Chain Mail Armor
46:52 Bodkin Arrow
46:58 Padded Archer Armor
52:44 Bow Saw
52:57 Squires
52:43 Arson
53:11 Forging
53:40 Stone Mining
54:42 Hand Cart
55:30 Iron Casting
59:06 Imperial Age
59:15 Imperial Age
57:58 Leather Archer Armor
58:44 Thumb Ring
59:55 Scale Barding Armor
61:06 Chemistry
60:20 Fortified Wall
60:06 Murder Holes
62:06 Two-Man Saw
62:27 Ring Archer Armor
61:57 Bracer
62:58 Blast Furnace
62:04 Scale Barding Armor
63:11 Bloodlines
63:01 Husbandry
65:26 Heavy Plow
67:50 Chain Barding Armor
Tamor
14:43 Feudal Age
15:12 Loom
20:23 Castle Age
21:26 Double-Bit Axe
31:45 Husbandry
36:47 Imperial Age
38:29 Wheelbarrow
38:27 Conscription
39:13 Scale Barding Armor
39:11 Padded Archer Armor
40:15 Hand Cart
42:38 Elite Conquistador
44:28 Chemistry
43:50 Ballistics
49:57 Chain Barding Armor
snoow.wolf.96
9:08 Loom
15:38 Feudal Age
16:20 Horse Collar
16:59 Double-Bit Axe
21:33 Bloodlines
25:20 Castle Age
24:12 Scale Barding Armor
24:30 Forging
25:05 Gold Mining
28:23 Chain Barding Armor
31:21 Iron Casting
31:26 Heavy Plow
34:00 Husbandry
35:53 Wheelbarrow
37:54 Hand Cart
42:25 Imperial Age
46:47 Plate Barding Armor
48:02 Bow Saw
47:36 Elite Battle Elephant
51:30 Blast Furnace
51:23 Town Watch
57:21 Heavy Scorpion
59:06 Chemistry
58:26 Ballistics
59:59 Double Crossbow
60:30 Siege Engineers
marcopolo
5:05 Loom
16:38 Feudal Age
17:21 Man-at-Arms
20:14 Double-Bit Axe
26:24 Castle Age
25:12 Wheelbarrow
24:30 Gold Mining
25:49 Bloodlines
25:51 Forging
25:47 Scale Barding Armor
25:48 Fletching
27:06 Scale Barding Armor
27:38 Husbandry
31:21 Hand Cart
32:13 Iron Casting
34:01 Chain Barding Armor
39:34 Marauders
42:09 Imperial Age
43:58 Blast Furnace
43:36 Cavalier
45:56 Plate Barding Armor
48:57 Light Cavalry
50:00 Hussar
54:48 Atheism
55:21 Horse Collar
57:53 Gold Shaft Mining
57:09 Stone Mining
59:40 Paladin
61:01 Elite Tarkan
Connection lost

Rejoining the realm…

Still unreachable

The connection could not be restored.

Session expired

The server has moved on; the page needs a fresh start.